 Dungeon Crawl Stone Soup version 0.20.1-1-g8b1a95d (webtiles) character file.

1512 Lavrengius the Basher (level 8, -2/67 HPs)
             Began as a Naga Warper on Oct 27, 2017.
             Slain by an orc priest
             ... wielding a +0 flail
              (5 damage)
             ... on level 5 of the Dungeon.
             The game lasted 01:40:41 (5508 turns).

Lavrengius the Basher (Naga Warper)                 Turns: 5508, Time: 01:40:42

Health: -2/67      AC:  4    Str: 21      XL:     8   Next: 83%
Magic:  6/9        EV: 10    Int: 14      God:
Gold:   231        SH:  0    Dex: 10 (11) Spells: 9/11 levels left

rFire    . . .     SeeInvis +   y - +1 morningstar (protect)
rCold    . . .     Gourm    .   (no shield)
rNeg     . . .     Faith    .   b - +0 leather armour
rPois    +         Spirit   .   (no helmet)
rElec    .         Reflect  .   (no cloak)
rCorr    .         Harm     .   (no gloves)
MR       ++...                  (no barding)
Stlth    +.........             (no amulet)
Regen    0.3/turn               j - +4 ring of strength
MPRegen  0.2/turn               x - +2 ring of strength

@: very slightly contaminated, very slow
A: see invisible, blink, deformed body, deterioration 1, low mp 1, magic
resistance 1, poison resistance, slowness 2, slow metabolism 1, spit poison 1,
AC +2
a: Spit Poison, Blink


You were on level 5 of the Dungeon.
You were not hungry.

You visited 2 branches of the dungeon, and saw 7 of its levels.
You also visited: Ossuary.

You collected 231 gold pieces.

Inventory:

Hand Weapons
 w - a +3 long sword
 y - a +1 morningstar of protection (weapon)
 E - a +0 trident of piercing
Missiles
 e - 2 tomahawks of dispersal (quivered)
 m - 13 tomahawks
 A - 4 javelins of penetration
Armour
 b - a +0 leather armour (worn)
 s - +0 swamp dragon scales
Jewellery
 j - a +4 ring of strength (left hand)
 x - a +2 ring of strength (right hand)
Wands
 u - a wand of iceblast (5/15)
 B - a wand of paralysis (7/24)
Scrolls
 d - a scroll of blinking
 g - 5 scrolls of teleportation
 h - 10 scrolls of identify
 k - 4 scrolls of amnesia {unknown}
 l - a scroll of fog {unknown}
 p - a scroll of magic mapping
 r - 4 scrolls of remove curse
 v - a scroll of recharging {unknown}
 G - a scroll of random uselessness {unknown}
 H - a scroll of immolation {unknown}
Potions
 a - 3 potions of degeneration {unknown}
 i - a potion of cancellation {unknown}
 n - 2 potions of curing
 o - a potion of flight
 q - 2 potions of heal wounds {unknown}
 z - a potion of brilliance {unknown}
 C - a potion of lignification {unknown}
 F - a potion of agility {unknown}
Books
 c - a book of Spatial Translocations

   Spells                             Type                      Level
   a - Blink                          Translocation                2
   b - Shroud of Golubria             Charms/Translocation         2
   c - Lesser Beckoning               Translocation                3
   d - Gell's Gravitas                Translocation                3
   e - Teleport Other                 Translocation                3
   f - Passage of Golubria            Translocation                4
 D - a book of Misfortune

   Spells                             Type                      Level
   a - Confusing Touch                Hexes                        1
   b - Confuse                        Hexes                        3
   c - Gell's Gravitas                Translocation                3
   d - Petrify                        Transmutation/Earth          4
   e - Metabolic Englaciation         Hexes/Ice                    5
   f - Yara's Violent Unravelling     Hexes/Transmutation          5
Comestibles
 f - 6 bread rations
 t - a meat ration
 I - a royal jelly


   Skills:
 - Level 2.0 Fighting
 + Level 9.8 Maces & Flails
 - Level 0.8 Throwing
 - Level 0.7 Armour
 - Level 2.0 Dodging
 - Level 1.2 Stealth
 - Level 2.0 Spellcasting
 * Level 5.2 Translocations


You had 9 spell levels left.
You knew the following spells:

 Your Spells              Type           Power        Failure   Level  Hunger
a - Blink                 Tloc           N/A          4%          2    ###....


Dungeon Overview and Level Annotations

Branches:
Dungeon (6/15)             Temple (1/1) D:4

Altars:
Ashenzari
Elyvilon
Gozag
Hepliaklqana
Makhleb
Okawaru
Sif Muna
Trog
Uskayaw
Vehumet
Xom
Yredelemnul
Zin
The Shining One

Shops:
D:4 =

Annotations:
D:5 Prince Ribbit


Innate Abilities, Weirdness & Mutations

You cannot wear boots.
Your serpentine skin is tough. (AC +2)
You have supernaturally acute eyesight. (SInv)
Armour fits poorly on your strangely shaped body.
Your system is resistant to poisons. (rPois)
You cover ground very slowly.
You have a slow metabolism.
You can spit poison.
You can translocate small distances at will.
Your body sometimes deteriorates upon taking damage.
Your magical capacity is low. (-10% MP)
You are resistant to hostile enchantments. (MR+)


Message History

Throwing (i - inventory. (,) - cycle):
e - 3 tomahawks of dispersal (quivered)
Press: ? - help, Shift-Dir - straight line, f - orc
Aim: an orc You throw a tomahawk of dispersal.
The tomahawk of dispersal hits the orc!
The orc blinks!
You feel a bit more experienced.
You have got your breath back.
The orc priest invokes the aid of Beogh against you.
Pain shoots through your body!
* * * LOW HITPOINT WARNING * * *
Your body deteriorates!
You feel clumsy.
Casting: Blink
Confirm with . or Enter, or press ? or * to list all spells.
You miscast Blink.
You are very lightly contaminated with residual magic.
Nothing appears to happen.
An orc comes into view. It is wielding a trident.
You barely miss the orc priest.
The orc shouts!
The orc priest hits you with a flail.
You die...

#......... #......... #####.....
#..... #### #########..... ...##
#......##..... % #..#
#......##....#
....######.########.....[##....#
......†.).o)..o@..'......'......
.##.#######.#######......#####.#
#.# #......# #.# #.. #####'####
#.. #..# #.....# ### ....
#.....# # ###.# #.....# # .#
#.....# # #.....# #


You could see an orc priest and an orc.

Vanquished Creatures
  Grinder (D:5)
  A wraith (Ossuary)
  Edmund (D:5)
  2 sky beasts
  A scorpion (D:4)
  2 howler monkeys (D:4)
  A crimson imp (D:5)
  A jelly (D:5)
  A bullfrog zombie (D:5)
  3 hounds
  4 orc priests
  7 orc wizards
  Ijyb (D:3)
  A worker ant (D:4)
  A mummy (Ossuary)
  3 adders
  A howler monkey skeleton (D:4)
  2 river rats (D:4)
  5 oozes
  An adder skeleton (D:5)
  2 worms (D:3)
  3 leopard geckos
  13 orcs
  2 giant cockroaches (D:3)
  6 goblins
  8 hobgoblins
  4 jackals (D:1)
  4 kobolds
  2 quokkas
  2 ball pythons (D:3)
  4 bats
  4 frilled lizards
  9 gnoll skeletons (Ossuary)
  4 kobold skeletons (Ossuary)
  A leopard gecko skeleton (D:6)
  12 orc skeletons (Ossuary)
  10 rats
130 creatures vanquished.

Notes
Turn   | Place    | Note
-------+----------+-------------------------------------------
     0 | D:1      | Lavrengius the Naga Warper began the quest for the Orb.
     0 | D:1      | Reached XP level 1. HP: 19/19 MP: 3/3
   367 | D:1      | Reached XP level 2. HP: 16/26 MP: 5/5
   837 | D:2      | Reached skill level 3 in Maces & Flails
   978 | D:2      | Reached XP level 3. HP: 25/32 MP: 6/6
  1181 | D:3      | Reached XP level 4. HP: 33/39 MP: 7/7
  1611 | D:2      | Gained mutation: You are resistant to hostile enchantments. (MR+) [potion of mutation]
  1611 | D:2      | Gained mutation: You can translocate small distances at will. [potion of mutation]
  1687 | D:3      | Reached skill level 4 in Maces & Flails
  2496 | D:3      | Learned a level 2 spell: Blink
  2655 | D:3      | Reached XP level 5. HP: 34/45 MP: 8/8
  2714 | D:3      | Reached skill level 5 in Maces & Flails
  2863 | D:3      | Reached XP level 6. HP: 40/52 MP: 9/9
  2977 | D:3      | Noticed Ijyb
  2988 | D:3      | Killed Ijyb
  3360 | D:4      | Found Fyicraf's Jewellery Emporium.
  3433 | D:4      | Reached skill level 6 in Maces & Flails
  3569 | D:4      | Found a staircase to the Ecumenical Temple.
  3576 | Temple   | Entered the Ecumenical Temple
  3724 | D:4      | Reached XP level 7. HP: 46/60 MP: 10/10
  3790 | D:4      | Reached skill level 7 in Maces & Flails
  3978 | D:5      | Entered Level 5 of the Dungeon
  3982 | D:5      | Reached skill level 1 in Stealth
  4346 | D:5      | Noticed Prince Ribbit
  4617 | D:5      | Noticed Grinder
  4638 | D:5      | Killed Grinder
  4638 | D:5      | Reached skill level 8 in Maces & Flails
  4638 | D:5      | Reached XP level 8. HP: 30/67 MP: 11/11
  4735 | D:5      | Found a deep blue altar of Sif Muna.
  4848 | D:6      | Gained mutation: Your body sometimes deteriorates upon taking damage. [mutagenic meat]
  4849 | D:6      | Gained mutation: Your magical capacity is low. (-10% MP) [mutagenic meat]
  4902 | D:6      | Found a sand-covered staircase.
  4911 | Ossuary  | Entered an ossuary
  4911 | Ossuary  | Noticed a wraith
  4911 | Ossuary  | Noticed a wraith
  4911 | Ossuary  | Noticed a wraith
  5054 | Ossuary  | Noticed a wraith
  5089 | Ossuary  | Killed a wraith
  5089 | Ossuary  | Reached skill level 9 in Maces & Flails
  5329 | D:6      | Found a burning altar of Makhleb.
  5474 | D:5      | Noticed Edmund
  5480 | D:5      | Reached skill level 5 in Translocations
  5502 | D:5      | Killed Edmund
  5504 | D:5      | HP: 2/67 [orc priest/nerve-wracking pain (10)]
  5508 | D:5      | Slain by an orc priest

Skill      XL: |  1  2  3  4  5  6  7  8 |
---------------+-------------------------+-----
Maces & Flails | 3 4 5 6 8 9 |  9.8
Dodging        | 2 |  2.0
Stealth        | 1 |  1.2
Translocations | 4 5 |  5.2
Fighting       | |  2.0
Throwing       | |  0.8
Armour         | |  0.7
Spellcasting   | |  2.0

Action                   |  1- 3 |  4- 6 |  7- 9 || total
-------------------------+-------+-------+-------++-------
Melee: Mace              |    83 |    90 |       ||   173
       Morningstar       |       |   119 |   197 ||   316
Throw: Tomahawk          |       |       |     3 ||     3
 Cast: Blink             |       |       |     3 ||     3
 Abil: Spit Poison       |       |     5 |    15 ||    20
Evoke: Wand              |       |       |     1 ||     1
  Use: Scroll            |       |     5 |     2 ||     7
       Potion            |       |     1 |     5 ||     6
 Stab: Sleeping          |       |       |     1 ||     1
  Eat: Chunk             |       |     7 |     5 ||    12
       Royal jelly       |       |       |     1 ||     1
       Meat ration       |       |       |     1 ||     1
Armor: Leather armour    |    23 |    66 |    57 ||   146
Dodge: Dodged            |    53 |   108 |    86 ||   247
